 Dungeon Crawl Stone Soup version 0.25-a0-283-ge7e91ba8d0 (webtiles) character file.

Game seed: 11542809817862250554, levelgen mode: deterministic

0 Gargoyl the Skirmisher (level 1, -4/19 HPs)
             Began as a Centaur Abyssal Knight on Dec 11, 2019.
             Was a Follower of Lugonu.
             Slain by an Executioner (23 damage)
             ... on level 4 of the Abyss.
             The game lasted 00:00:54 (305 turns).

Gargoyl the Skirmisher (Centaur Abyssal Knight)      Turns: 305, Time: 00:00:55

Health: -4/19      AC:  6    Str: 14    XL:     1   Next: 0%
Magic:  2/2        EV:  7    Int: 11    God:    Lugonu [*.....]
Gold:   38         SH:  0    Dex:  8    Spells: 0/0 levels left

rFire    . . .     SeeInvis .   a - +1 hand axe
rCold    . . .     Gourm    .   (no shield)
rNeg     . . .     Faith    .   e - +0 scale mail
rPois    .         Spirit   .   (no helmet)
rElec    .         Reflect  .   (no cloak)
rCorr    .         Harm     .   (no gloves)
MR       .....                  (no barding)
Stlth    ..........             (no amulet)
HPRegen  0.06/turn              (no ring)
MPRegen  0.08/turn              (no ring)

@: very quick
A: large, hooves 3, deformed body, speed 2, tough skin 3
a: Depart the Abyss, Renounce Religion


You were on level 4 of the Abyss.
You worshipped Lugonu.
Lugonu was aware of your devotion.
You were not hungry.

You visited 0 branches of the dungeon, and saw 0 of its levels.
You visited the Abyss 1 time.

You collected 38 gold pieces.

Inventory:

Hand Weapons
 a - a +1 hand axe (weapon)
Armour
 b - a +0 leather armour
 d - a +0 ring mail
 e - a +0 scale mail (worn)
Comestibles
 c - 2 rations


   Skills:
 + Level 3.0 Fighting
 + Level 1.7 Axes
 + Level 1.3 Armour
 + Level 0.6 Dodging
 + Level 2.0 Invocations


You couldn't memorise any spells.
You didn't know any spells.
Your spell library was empty.

Dungeon Overview and Level Annotations

Branches:
Dungeon (0/15)

Altars:


Innate Abilities, Weirdness & Mutations

You have hooves in place of feet.
Armour fits poorly on your strangely shaped body.
You cover ground very quickly.
You have extremely tough skin. (AC +3)


Message History

Found a gateway leading deeper into the Abyss.
There is a gateway leading deeper into the Abyss here.
You plunge deeper into the Abyss.
The abyssal rune of Zot can be found at this depth.
Found a gateway leading deeper into the Abyss.
There is a gateway leading deeper into the Abyss here.
You plunge deeper into the Abyss.
The abyssal rune of Zot can be found at this depth.
Found a scimitar.
Found a gateway leading out of the Abyss.
You now have 38 gold pieces (gained 24).
There is a gateway leading out of the Abyss here.
You see here a scimitar.
An Executioner comes into view.
The Executioner gives a hideous shriek!
The Executioner gestures.
The Executioner seems to speed up.
The Executioner hits you!!
Ouch! That really hurt!
You die...

...#.. #..##.# .#... ..
..# #.#...# 1..# #..
#.##.#..## ..####.
..#...........##1#....#
....#.......#)....#.# .
.∩...... .∩.###...#
#...####.##..##...#.##
...##... #.##.#1#.#.#
#..# ....###.@# # ##
.#....# #.## # .....
...... #..#.....###..
#....#......#..# ##.#
.. ....##
#.##.#.......# .. ..
#..... # # ##...#.#.


You could see an Executioner.

Vanquished Creatures (others)
  A lurking horror (Abyss:1)
1 creature vanquished.

Notes
Turn   | Place    | Note
-------+----------+-------------------------------------------
     0 | Abyss:1  | Gargoyl the Centaur Abyssal Knight began the quest for the
                  | Orb.
     0 | Abyss:1  | Reached XP level 1. HP: 19/19 MP: 2/2
   116 | Abyss:1  | Noticed a wretched star
   140 | Abyss:1  | Noticed a red devil
   175 | Abyss:1  | Noticed a shadow
   192 | Abyss:1  | Noticed a small abomination
   300 | Abyss:4  | Noticed an Executioner
   305 | Abyss:4  | Slain by an Executioner

Levels and vault maps discovered:
Abyss:4:  lemuel_flamethrower_3, hangedman_steaming_rock,
          evilmike_abyss_rune_ettins

Action                   || total
-------------------------++-------
  Use: Potion            ||     1

Table legend:
 A = Non-vault XP
 B = Vault XP
 C = Vault XP percentage of total XP
 D = Non-vault monster count
 E = Vault monster count
 F = Vault count percentage of total count
                 A         B        C        D         E       F
            +---------+---------+-------+---------+---------+-------
      Total |       0 |       0 |   N/A |       0 |       0 |  -nan
            +---------+---------+-------+---------+---------+-------
            +---------+---------+-------+---------+---------+-------
